 Dungeon Crawl Stone Soup version 0.22-a0-307-g2b15929 (webtiles) character file.

34 xccam the Shield-Bearer (level 3, -2/29 HPs)
             Began as a Formicid Fighter on Apr 1, 2018.
             Slain by a gnoll
             ... wielding a +0 halberd
              (4 damage)
             ... on level 2 of the Dungeon.
             The game lasted 00:01:46 (1131 turns).

xccam the Shield-Bearer (Formicid Fighter)          Turns: 1131, Time: 00:01:47

Health: -2/29      AC:  7    Str: 26    XL:     3   Next: 50%
Magic:  3/3        EV:  8    Int:  7    God:
Gold:   62         SH: 10    Dex: 10    Spells: 2/2 levels left

rFire    . . .     SeeInvis +   a - +0 war axe
rCold    . . .     Gourm    .   c - +0 shield
rNeg     . . .     Faith    .   b - +1 scale mail
rPois    .         Spirit   .   (helmet unavailable)
rElec    .         Reflect  .   (no cloak)
rCorr    .         Harm     .   (no gloves)
MR       .....                  (no boots)
Stlth    ..........             n - amulet of inaccuracy (curse)
HPRegen  0.09/turn              (no ring)
MPRegen  0.08/turn              (no ring)

@: mighty, lethally poisoned (-2 -> -16)
A: permanent stasis, dig shafts and tunnels, four strong arms, antennae 3
a: Dig, Shaft Self


You were on level 2 of the Dungeon.
You were not hungry.

You visited 1 branch of the dungeon, and saw 2 of its levels.

You collected 62 gold pieces.

Inventory:

Hand Weapons
 a - a +0 war axe (weapon)
Armour
 b - a +1 scale mail (worn)
 c - a +0 shield (worn)
Jewellery
 n - a cursed amulet of inaccuracy (around neck)
Scrolls
 l - a scroll of enchant weapon
Potions
 e - a potion of ambrosia {unknown}
 h - a potion of degeneration {unknown}
 k - a potion of haste {unknown}
Comestibles
 f - 2 rations
 m - a chunk of flesh


   Skills:
 - Level 3.2 Fighting
 + Level 3.6 Axes
 - Level 3.2 Armour
 - Level 3.6 Shields


You had 2 spell levels left.
You didn't know any spells.

Dungeon Overview and Level Annotations

Branches:
Dungeon (2/15)

Altars:


Innate Abilities, Weirdness & Mutations

You cannot be hasted, slowed, berserked, paralysed or teleported.
You can dig through walls and to a lower floor.
Your four strong arms can wield two-handed weapons with a shield.
You have a pair of large antennae on your head. (SInv)


Message History

You block the hobgoblin's attack. The gnoll hits you but does no damage.
You are lethally poisoned!
The gnoll closely misses you. The gnoll hits you but does no damage.
The hobgoblin barely misses you.
You slice the hobgoblin!!
You kill the hobgoblin!
You feel sick. You block the gnoll's attack. x2
The gnoll hits you from afar with a halberd.
* * * LOW HITPOINT WARNING * * *
Unknown command.
* * * LOW HITPOINT WARNING * * *
You feel sick. You block the gnoll's attack.
Things that are here:
a club; a hobgoblin corpse Unknown command.
You closely miss the gnoll.
Your shield and scale mail prevent you from hitting the gnoll.
* * * LOW HITPOINT WARNING * * *
You feel sick. The gnoll hits you with a halberd.
You die...

$.........?..........#
.....................#
##...............)†#
#...#.####..{)...).#
#.#.#.## #.........# #
#.#..# #..{.....<#
#....# #.........#
##..†###.........#
#.!@g.#.####..###
##.†g...# ##.#
#..#...## #.#
#.###..... .. { #.
...## . #. .#..# ..
##..# .# #.#


You could see 2 gnolls.

Vanquished Creatures
  A worm (D:2)
  2 leopard geckos (D:1)
  A ball python (D:2)
  A giant cockroach (D:1)
  2 goblins
  6 hobgoblins
  A jackal (D:2)
  2 bats (D:1)
  A frilled lizard (D:2)
  4 kobolds (D:1)
  7 rats
28 creatures vanquished.

Notes
Turn   | Place    | Note
-------+----------+-------------------------------------------
     0 | D:1      | xccam the Formicid Fighter began the quest for the Orb.
     0 | D:1      | Reached XP level 1. HP: 18/18 MP: 1/1
   179 | D:1      | Reached XP level 2. HP: 20/24 MP: 2/2
  1066 | D:2      | Reached XP level 3. HP: 28/29 MP: 3/3
  1131 | D:2      | Slain by a gnoll

Vault maps used:
D:1:      mrwooster_arrival_statue_2, serial_corexii_hall,
          corexii_hall_statues_deadend, corexii_hall_statues_u,
          corexii_hall_statues_deadend, corexii_hall_statues_s
D:2:      lemuel_zombie_altar_yredelemnul

Skill      XL: |  1  2 |
---------------+-------+-----
Axes           | 3 |  3.6
Fighting       | |  3.2
Armour         | |  3.2
Shields        | |  3.6

Action                   || total
-------------------------++-------
Melee: War axe           ||    82
  Use: Scroll            ||     3
       Potion            ||     1
  Eat: Chunk             ||     1
Armor: Scale mail        ||    32
Dodge: Dodged            ||    32
Block: Shield            ||    61

Table legend:
 A = Spawn XP
 B = Non-spawn XP
 C = Spawn XP percentage of total XP
 D = Spawn monster count
 E = Non-spawn monster count
 F = Spawn count percentage of total count
 G = Total turns spent on level
                    A         B        C        D         E        F      G
               +---------+---------+-------+---------+---------+-------+---------
         Total |       0 |      49 |   0.0 |       0 |      28 |   0.0 |  1131
               +---------+---------+-------+---------+---------+-------+---------
           D:1 |       0 |      25 |   0.0 |       0 |      16 |   0.0 |  1058
           D:2 |       0 |      24 |   0.0 |       0 |      12 |   0.0 |    73
               +---------+---------+-------+---------+---------+-------+---------
